 Dungeon Crawl Stone Soup version 0.22-a0-32-ga749362bc3 (webtiles) character file.

1050 Manul the Covered (level 8, -7/60 HPs)
             Began as a Mummy Fighter on Jan 3, 2018.
             Mangled by an orc warrior
             ... wielding a +0 broad axe of freezing
              (12 damage)
             ... on level 4 of the Dungeon.
             The game lasted 00:07:13 (5201 turns).

Manul the Covered (Mummy Fighter)                   Turns: 5201, Time: 00:07:14

Health: -7/60      AC: 10    Str: 19    XL:     8   Next: 5%
Magic:  8/8        EV:  9    Int:  7    God:
Gold:   228        SH: 10    Dex: 14    Spells: 7/7 levels left

rFire    . . .     SeeInvis .   s - +2 whip (flame)
rCold    . . .     Gourm    .   c - +0 shield
rNeg     + + +     Faith    .   b - +0 scale mail
rPois    ∞         Spirit   .   i - +0 helmet
rElec    .         Reflect  .   (no cloak)
rCorr    .         Harm     +   (no gloves)
MR       +....                  e - +1 pair of boots
Stlth    ..........             d - amulet of harm
HPRegen  0.20/turn              h - ring of fire
MPRegen  0.11/turn              (no ring)

@: no status effects
A: no food or potions, fire vulnerability, cold resistance 1, negative energy
resistance 3, torment resistance, unbreathing
a: no special abilities


You were on level 4 of the Dungeon.
You were not hungry.

You visited 1 branch of the dungeon, and saw 5 of its levels.

You collected 228 gold pieces.

Inventory:

Hand Weapons
 a - a +0 flail
 f - a +0 whip
 m - a +2 hand axe of chopping
 p - a +0 morningstar
 r - a +0 flail of protection
 s - a +2 whip of flaming (weapon)
Missiles
 l - 2 exploding tomahawks (quivered)
Armour
 b - a +0 scale mail (worn)
 c - a +0 shield (worn)
 e - a +1 pair of boots (worn)
 i - a +0 helmet (worn)
 o - a +0 plate armour
Jewellery
 d - an amulet of harm (around neck)
 h - a ring of fire (left hand)
Scrolls
 g - a scroll of teleportation
 j - 3 scrolls of magic mapping
 k - 2 scrolls of remove curse
 n - 4 scrolls of identify
 q - a scroll of fog
 t - a scroll of enchant weapon {unknown}


   Skills:
 + Level 4.0 Fighting
 + Level 4.4 Maces & Flails
 - Level 0.2 Throwing
 + Level 4.5 Armour
 + Level 2.4 Dodging
 - Level 0.1 Stealth
 + Level 4.4 Shields


You had 7 spell levels left.
You didn't know any spells.

Dungeon Overview and Level Annotations

Branches:
Dungeon (5/15)
 Temple: D:4-7

Altars:
Ashenzari
Makhleb
Wu Jian

Shops:
D:4 =   D:5 =

Annotations:
D:3 1 runed door


Innate Abilities, Weirdness & Mutations

You do not eat or drink.
Your flesh is vulnerable to fire.
You are immune to poison.
Your flesh is cold resistant. (rC+)
You are immune to negative energy. (rN+++)
You are immune to unholy pain and torment.
You can survive without breathing.


Message History

The orc warrior is severely wounded.
You hit the orc warrior. You burn the orc warrior.
The orc warrior is almost dead.
The orc warrior hits you with a broad axe of freezing.
The orc warrior freezes you.
You hit the orc warrior but do no damage.
The orc warrior is almost dead.
The orc warrior hits you with a broad axe of freezing.
The orc warrior freezes you.
You are too injured to fight recklessly!
You are too injured to fight recklessly!
You are too injured to fight recklessly!
You are too injured to fight recklessly!
You are too injured to fight recklessly!
You hit the orc warrior but do no damage.
The orc warrior is severely wounded.
The orc warrior hits you with a broad axe of freezing!!
* * * LOW HITPOINT WARNING * * *
The orc warrior freezes you!
You die...

#....## #....##...#.####'## #.
#.....# #....##.###.# #.# #.
#.....# ####........# #<# #.
#.....# #.##.################.
#.....# #..#...............o..
#.....# #..#..################
#.....# #.....#.........# *
.....## #.#..o#.#######.# *
.....# ###.#.)@#.#######.# *
.....# #.......#.....!.#.# *
!....# #.......#.......#.#
.....# #.......#.......#.#####
.....##########>.#<###.........#
##.................# #.....†...#
###############.#.# #.........#
#.#.# #.........# #...#
#.........#


You could see an orc warrior.

Vanquished Creatures
  Pikel (D:5)
  A hungry ghost (D:3)
  Edmund (D:5)
  An orc priest (D:4)
  A hound (D:4)
  Natasha (thrice) (D:3 D:2)
  Terence (D:3)
  An orc wizard (D:3)
  2 worker ants
  4 adders
  A worm (D:2)
  3 dart slugs
  4 leopard geckos
  6 orcs
  4 giant cockroaches
  5 goblins
  5 hobgoblins
  4 jackals (D:1)
  A quokka (D:4)
  2 ball pythons
  9 bats
  2 frilled lizards (D:2)
  12 kobolds
  A quokka skeleton (D:4)
  11 rats
86 creatures vanquished.

Notes
Turn   | Place    | Note
-------+----------+-------------------------------------------
     0 | D:1      | Manul the Mummy Fighter began the quest for the Orb.
     0 | D:1      | Reached XP level 1. HP: 18/18 MP: 1/1
   146 | D:1      | Reached XP level 2. HP: 24/24 MP: 2/2
   451 | D:1      | Reached XP level 3. HP: 27/29 MP: 3/3
   831 | D:2      | Found a burning altar of Makhleb.
   832 | D:2      | Found an ornate altar of the Wu Jian Council.
   924 | D:2      | Reached XP level 4. HP: 23/35 MP: 4/4
  1997 | D:3      | Found a shattered altar of Ashenzari.
  2045 | D:3      | Noticed Terence
  2065 | D:3      | Killed Terence
  2065 | D:3      | Reached skill level 1 in Dodging
  2065 | D:3      | Reached XP level 5. HP: 31/41 MP: 5/5
  2141 | D:3      | Found a runed door.
  2207 | D:3      | Noticed a hungry ghost
  2252 | D:3      | Killed a hungry ghost
  2252 | D:3      | Reached XP level 6. HP: 39/47 MP: 6/6
  2307 | D:3      | Noticed Natasha
  2464 | D:3      | Killed Natasha
  2866 | D:3      | Noticed Natasha
  3134 | D:2      | Killed Natasha
  3259 | D:2      | Noticed Natasha
  3273 | D:2      | Killed Natasha
  3517 | D:4      | Noticed an orc warrior
  4804 | D:5      | Entered Level 5 of the Dungeon
  4866 | D:5      | Noticed Edmund
  4899 | D:5      | Killed Edmund
  4899 | D:5      | Reached XP level 7. HP: 46/53 MP: 7/7
  4944 | D:5      | Noticed Pikel
  4970 | D:5      | Killed Pikel
  4970 | D:5      | Reached XP level 8. HP: 51/60 MP: 8/8
  5051 | D:5      | Found Acuth's Jewellery Emporium.
  5069 | D:4      | Found Ulloahee's Jewellery Boutique.
  5201 | D:4      | Mangled by an orc warrior

Vault maps used:
D:1:      dpeg_arrival_short_road
D:2:      minitemple, serial_forest, infiniplex_forest_clump_small,
          infiniplex_forest_end_2, infiniplex_forest_end_2,
          infiniplex_forest_lined_room_2, infiniplex_forest_diagonal,
          infiniplex_forest_clump_small, infiniplex_forest_clump_diagonal,
          infiniplex_forest_straight_1, kennysheep_generic_room_8
D:3:      evilmike_ruin_ashenzari, uniq_terence, uniq_natasha,
          uniq_crazy_yiuf_cottage
D:4:      serial_shops, nicolae_shop_stone
D:5:      grunt_temple_overflow_open, serial_shops, shop, first_ration,
          portal_sewer_entry_b, uniq_edmund, uniq_pikel, uniq_ijyb

Skill      XL: |  1  2  3  4  5  6  7 |
---------------+----------------------+-----
Maces & Flails | 2 3 4 |  4.4
Shields        | 3 4 |  4.4
Dodging        | 1 2 |  2.4
Armour         | 3 4 |  4.5
Fighting       | 4 |  4.0
Throwing       | |  0.2
Stealth        | |  0.1

Action                   |  1- 3 |  4- 6 |  7- 9 || total
-------------------------+-------+-------+-------++-------
Melee: Flail             |    40 |       |       ||    40
       Whip              |    96 |   333 |    21 ||   450
       Hand axe          |       |    32 |    21 ||    53
Throw: Tomahawk          |       |     6 |       ||     6
  Use: Scroll            |       |     8 |       ||     8
Armor: Scale mail        |    73 |   128 |     9 ||   210
Dodge: Dodged            |    51 |    78 |    10 ||   139
Block: Shield            |    72 |   156 |    20 ||   248

Table legend:
 A = Spawn XP
 B = Non-spawn XP
 C = Spawn XP percentage of total XP
 D = Spawn monster count
 E = Non-spawn monster count
 F = Spawn count percentage of total count
 G = Total turns spent on level
                    A         B        C        D         E        F      G
               +---------+---------+-------+---------+---------+-------+---------
         Total |       0 |    1500 |   0.0 |       0 |      86 |   0.0 |  5201
               +---------+---------+-------+---------+---------+-------+---------
           D:1 |       0 |      46 |   0.0 |       0 |      27 |   0.0 |   766
           D:2 |       0 |     188 |   0.0 |       0 |      31 |   0.0 |  1538
           D:3 |       0 |     304 |   0.0 |       0 |      12 |   0.0 |  1647
           D:4 |       0 |     152 |   0.0 |       0 |      14 |   0.0 |   995
           D:5 |       0 |     810 |   0.0 |       0 |       2 |   0.0 |   255
               +---------+---------+-------+---------+---------+-------+---------
